Map: Disco Bloodbath LE

Players

Caesar - Winner!

  • Race: Protoss Protoss
  • League: Master
  • Spawn Location: 9:00

Mez

  • Race: Terran Terran
  • League: Master
  • Spawn Location: 3:00

VOD

Have the link to the VOD?

Description

Time

  • Played on: Aug. 21, 2019, 1:43 p.m.
  • Length: 11:55
Show
View Real Time Build Order
Export as new Build Order

Caesar Protoss - Winner!

Build Orders:  

Get SALT Encoding   

  12  0:01  Probe  
  13  0:13  Probe  
  14  0:17  Pylon  
  14  0:24  Probe  
  15  0:32  Probe  
  15  0:39  Gateway  
  15  0:40  Probe  
  16  0:46  Assimilator  
  17  0:51  Probe  
  17  0:56  Pylon  
  18  1:03  Probe  
  19  1:06  Assimilator  
  19  1:15  Probe  
  20  1:28  Cybernetics Core, Probe  
  21  1:40  Probe  
  22  1:49  Pylon  
  22  1:52  Probe  
  23  1:54  Stalker  
  23  2:04  Probe  
  23  2:07  Robotics Facility  
  26  2:09  Pylon  
  26  2:16  Probe  
  26  2:20  Warp Gate  
  27  2:24  Stalker  
  27  2:28  Probe  
  30  2:42  Immortal, Probe  
  31  2:54  Probe  
  31  2:56  Stalker  
  38  3:13  Nexus  
  38  3:14  Observer  
  38  3:24  Probe  
  38  3:27  Pylon  
  40  3:29  Stalker  
  42  3:45  Immortal  
  46  3:51  Probe  
  47  4:03  Probe  
  47  4:08  Pylon  
  48  4:15  Probe  
  49  4:22  Nexus  
  49  4:27  Probe  
  50  4:39  Probe  
  51  4:51  Probe  
  52  4:58  Probe  
  53  5:03  Probe  
  53  5:04  Twilight Council  
  53  5:05  Forge  
  54  5:08  Forge  
  54  5:10  Probe, Protoss Ground Weapons Level 1  
  55  5:15  Probe  
  55  5:19  Observer, Protoss Ground Armor Level 1  
  57  5:23  Probe  
  57  5:28  Probe  
  59  5:31  Charge  
  59  5:34  Probe  
  59  5:35  Probe  
  61  5:40  Probe  
  62  5:46  Probe  
  62  5:47  Probe  
  62  5:49  Pylon  
  64  5:51  Observer  
  64  5:52  Probe  
  66  5:58  Probe  
  66  6:01  Gateway  
  66  6:03  Gateway, Zealot  
  69  6:06  Probe  
  69  6:09  Probe  
  69  6:11  Probe  
  72  6:18  Probe  
  72  6:21  Probe  
  72  6:23  Probe  
  75  6:30  Probe  
  75  6:31  Zealot  
  78  6:33  Nexus  
  78  6:35  Pylon, Probe  
  79  6:43  Gateway  
  79  6:46  Gateway  
  79  6:49  Gateway, Probe  
  79  6:50  Protoss Ground Armor Level 2  
  79  6:51  Protoss Ground Weapons Level 2  
  79  6:53  Observer  
  81  6:58  Probe  
  81  7:00  Nexus  
  82  7:02  Pylon, Zealot x3  
  88  7:09  Pylon  
  88  7:10  Probe  
  88  7:11  Probe  
  90  7:15  Blink  
  90  7:31  Probe  
  90  7:33  Zealot x3  
  97  7:40  Probe x2  
  97  7:43  Probe  
  100  7:44  Zealot x3  
  106  7:52  Gateway, Probe  
  106  7:54  Gateway  
  106  7:57  Gateway  
  107  7:59  Gateway, Pylon  
  107  8:01  Gateway, Pylon  
  107  8:02  Gateway  
  107  8:04  Gateway, Probe  
  107  8:05  Probe  
  109  8:06  Gateway  
  109  8:07  Pylon x2  
  109  8:13  Zealot x3  
  109  8:14  Zealot  
  109  8:17  Zealot  
  119  8:27  Probe  
  120  8:35  Zealot x4  
  120  8:36  Zealot  
  120  8:40  Probe  
  131  8:44  Probe  
  131  8:48  Zealot x3  
  136  8:52  Probe  
  139  8:56  Probe  
  139  9:01  Zealot x5  
  139  9:02  Zealot x3  
  154  9:03  Zealot x2  
  154  9:04  Probe, Zealot  
  154  9:08  Probe x3  
  154  9:09  Probe  
  167  9:12  Stalker x2  
  167  9:16  Probe  
  168  9:20  Probe  
  169  9:28  Pylon  
  169  9:30  Pylon  
  162  9:56  Nexus  
  156  10:12  Pylon  
  141  10:15  Pylon  
  141  10:16  Probe  
  141  10:18  Pylon  
  141  10:19  Pylon  
  126  10:21  Pylon, Zealot x3  
  126  10:28  Zealot  
  132  10:29  Pylon  
  132  10:32  Pylon  
  132  10:34  Pylon  
  132  10:40  Zealot x6  
  132  10:41  Zealot x3  
  132  10:42  Zealot x2  
  98  11:13  Zealot x6  
  98  11:14  Zealot, Stalker  
  98  11:15  Stalker x4  
  112  11:39  Robotics Facility, Stalker  
  114  11:40  Stalker x2  
  114  11:41  Stalker x4  
  114  11:42  Stalker x3  
Show
View Real Time Build Order
Export as new Build Order

Mez Terran 

Build Orders: Reaper Expand 

Get SALT Encoding   

  12  0:00  SCV  
  13  0:13  SCV  
  14  0:18  Supply Depot  
  14  0:25  SCV  
  15  0:40  SCV  
  15  0:42  Barracks  
  16  0:46  Refinery  
  16  0:52  SCV  
  18  1:04  SCV  
  18  1:16  SCV  
  19  1:30  Orbital Command, Reaper  
  20  1:40  Command Center  
  20  1:47  Bunker  
  20  1:55  Supply Depot  
  20  1:57  SCV  
  21  2:02  Marine  
  22  2:10  SCV  
  23  2:20  Barracks Reactor  
  24  2:22  SCV  
  24  2:38  Command Center  
  24  2:43  SCV  
  24  2:54  Orbital Command  
  24  2:55  Factory, Refinery  
  24  3:00  SCV  
  24  3:02  Marine x2  
  27  3:12  SCV  
  28  3:23  Marine x2  
  29  3:29  Bunker  
  29  3:31  SCV x2  
  29  3:32  Bunker  
  29  3:48  Marine x2  
  29  3:49  Factory Tech Lab  
  30  4:00  Bunker  
  30  4:06  Marine x2  
  32  4:13  Siege Tank  
  35  4:17  SCV  
  36  4:27  Starport  
  36  4:29  SCV x2  
  38  4:31  Marine  
  38  4:33  Marine  
  40  4:38  SCV  
  40  4:41  SCV  
  42  4:49  Siege Tank  
  45  4:56  SCV x2  
  47  5:07  Viking  
  47  5:09  Orbital Command  
  47  5:14  Marine x2  
  51  5:20  SCV x2  
  53  5:34  Marine x2  
  55  5:39  Viking  
  55  5:40  Siege Tank  
  55  5:41  SCV  
  61  5:44  Supply Depot  
  61  5:45  Supply Depot  
  61  5:47  SCV x2  
  63  5:53  SCV  
  63  5:57  Marine x2  
  64  5:59  SCV x2  
  68  6:08  SCV  
  68  6:09  Barracks  
  68  6:10  Barracks  
  69  6:11  SCV  
  69  6:13  Refinery, SCV  
  71  6:20  SCV  
  71  6:22  Starport Reactor  
  72  6:27  Siege Tank  
  72  6:28  SCV x2  
  72  6:32  Refinery  
  77  6:33  Engineering Bay  
  77  6:34  Engineering Bay  
  77  6:39  Supply Depot  
  77  6:41  Supply Depot, SCV  
  77  6:42  SCV  
  77  6:44  SCV  
  80  6:54  SCV  
  81  6:58  SCV x2  
  83  7:04  Barracks Tech Lab, Marine x2  
  83  7:05  Medivac x2  
  83  7:06  SCV  
  90  7:08  Terran Infantry Armor Level 1, Orbital Command, Terran Infantry Weapons Level 1  
  90  7:13  Factory Reactor  
  90  7:19  Barracks  
  90  7:20  Barracks  
  90  7:33  SCV  
  90  7:34  SCV x2  
  93  7:38  Medivac x2  
  93  7:43  Marauder  
  93  7:44  Marauder  
  101  7:45  Combat Shield, Stimpack  
  101  7:46  Supply Depot  
  101  8:05  Supply Depot x2  
  101  8:07  Supply Depot, SCV x2, Marine x2  
  101  8:08  Widow Mine x2, Marauder x2, SCV, Supply Depot  
  101  8:09  Supply Depot  
  114  8:17  Missile Turret  
  117  8:20  SCV  
  117  8:22  Missile Turret  
  117  8:25  SCV, Marine  
  117  8:26  Barracks Tech Lab, Barracks Reactor, Medivac, Marine  
  117  8:27  Medivac  
  122  8:28  Missile Turret  
  122  8:29  Marauder, Marine  
  122  8:33  SCV x2  
  127  8:35  Widow Mine x2  
  127  8:37  SCV  
  127  8:39  Supply Depot  
  132  8:44  Supply Depot  
  132  8:45  Supply Depot, SCV  
  132  8:47  Refinery  
  133  8:50  Ghost Academy  
  133  8:52  Armory  
  132  9:12  Marauder x3, Marine x4  
  132  9:14  Widow Mine x2, Medivac  
  132  9:15  SCV x3  
  151  9:20  Refinery  
  147  9:33  Marauder  
  147  9:38  Marauder x2, Marine x4  
  157  9:52  Barracks x2  
  156  9:53  Barracks  
  156  9:55  Marauder  
  156  9:56  Marine  
  151  10:00  Marauder  
  151  10:05  Marine x4  
  152  10:14  Marine  
  129  10:16  Marine  
  129  10:17  Medivac  
  129  10:19  Medivac  
  129  10:20  Marine  
  113  10:21  Widow Mine x2  
  113  10:22  Marine  
  113  10:23  Marine x3  
  109  10:31  Marine  
  101  10:49  Orbital Command  
  54  11:42  SCV  
Tags
 
Add a new tag
Caveats
  • Supply blocks, unpowered buildings, or Contaminate may cause inaccurate times.
  • Supply counts are checked every 10 seconds.